| TOP OF THE 1ST |
|
Fresno Grizzlies batting - Pitching for Omaha Storm Chasers : RHP Josh Moncada
|
|
Pitching: RHP Josh Moncada
|
|
|
Batting: RHB Paul Shell
|
0-0: Ball 1-0: Ball 2-0: Ground out 5-3 (Groundball, 56, EV 89.4 MPH)
|
|
Batting: LHB Chris Cabrera
|
0-0: Ball 1-0: Foul Ball, location: 2F 1-1: Foul Ball, location: 2F 1-2: Strikes out swinging
|
|
Batting: RHB Antonio Aranda
|
0-0: Called Strike 0-1: Ball 1-1: Foul Ball, location: 2F 1-2: Strikes out swinging
|
| Top of the 1st over - 0 runs, 0 hits, 0 errors, 0 left on base; Fresno 0 - Omaha 0 |
| BOTTOM OF THE 1ST |
|
Omaha Storm Chasers batting - Pitching for Fresno Grizzlies : RHP Michael Bruce
|
|
Pitching: RHP Michael Bruce
|
|
|
Batting: RHB Jaden Warrior
|
0-0: SOLO HOME RUN (Flyball, 7LD, EV 97.5 MPH), Distance : 385 ft
|
|
Batting: LHB Bill Baconneck
|
0-0: Ball 1-0: Foul Ball, location: 2F 1-1: Called Strike 1-2: Ball 2-2: Ball 3-2: SINGLE (Line Drive, 89M, EV 103.8 MPH)
|
|
Batting: RHB Adam Martin
|
0-0: Ball 1-0: Ball 2-0: Foul Ball, location: 2F 2-1: Ball 3-1: Base on Balls Bill Baconneck to second
|
|
Batting: LHB Roman Downey
|
0-0: Foul Ball, location: 2F 0-1: Called Strike 0-2: Fly out, F9 (Line Drive, 9D, EV 99.4 MPH) Runner from 2nd tags up, SAFE at 3rd, no throw by RF
|
|
Batting: RHB Mikolas Markus
|
0-0: Ball 1-0: Ball 2-0: SINGLE (Groundball, 4MD, EV 96.9 MPH) Bill Baconneck scores Adam Martin to second
|
|
Batting: SHB Gil Switzer
|
0-0: Called Strike 0-1: Ball 1-1: SINGLE (Groundball, 56D, EV 100.6 MPH) Adam Martin to third Mikolas Markus to second Throwing error, E7 Adam Martin scores Mikolas Markus to third Gil Switzer to second
|
|
Batting: LHB Sam Britt
|
0-0: Called Strike 0-1: Called Strike 0-2: Ball 1-2: Ground out 4-3 (Groundball, 4, EV 85.0 MPH) Mikolas Markus scores Gil Switzer to third
|
|
Batting: RHB Nick Ogle
|
0-0: Ball 1-0: Fly out, F9 (Flyball, 9LM, EV 85.6 MPH)
|
| Bottom of the 1st over - 4 runs, 4 hits, 1 error, 1 left on base; Fresno 0 - Omaha 4 |
| TOP OF THE 2ND |
|
Fresno Grizzlies batting - Pitching for Omaha Storm Chasers : RHP Josh Moncada
|
|
Batting: RHB Dave Glenn
|
0-0: Swinging Strike 0-1: Foul Ball, location: 2F 0-2: Strikes out swinging
|
|
Batting: LHB Anthony Howie
|
0-0: SINGLE (Line Drive, 8LM, EV 92.5 MPH)
|
|
Batting: RHB Chris Fitzgerald
|
0-0: Called Strike 0-1: Ball 1-1: Swinging Strike 1-2: Ball 2-2: Foul Ball, location: 2F 2-2: Foul Ball, location: 2F 2-2: Strikes out looking
|
|
Batting: LHB Chris Redding
|
0-0: Called Strike 0-1: Called Strike 0-2: Strikes out swinging
|
| Top of the 2nd over - 0 runs, 1 hit, 0 errors, 1 left on base; Fresno 0 - Omaha 4 |
| BOTTOM OF THE 2ND |
|
Omaha Storm Chasers batting - Pitching for Fresno Grizzlies : RHP Michael Bruce
|
|
Batting: RHB Kunimatsu Oya
|
0-0: SINGLE (Groundball, 3D, EV 95.6 MPH)
|
|
Batting: RHB Jaden Warrior
|
0-0: Ball 1-0: Foul Ball, location: 2F 1-1: Swinging Strike 1-2: Ball 2-2: Foul Ball, location: 2F 2-2: 2-RUN HOME RUN (Flyball, 78XD, EV 103.1 MPH), Distance : 401 ft
|
|
Batting: LHB Bill Baconneck
|
0-0: SINGLE (Groundball, 34D, EV 101.9 MPH)
|
|
Pitching: RHP Greg Ritchie
|
|
|
Batting: RHB Adam Martin
|
0-0: DOUBLE (Flyball, 8LXD, EV 95.0 MPH) Bill Baconneck to third
|
|
Batting: LHB Roman Downey
|
0-0: Ball 1-0: Called Strike 1-1: Fly out, F7 (Line Drive, 7, EV 86.9 MPH) Runner from 3rd tags up, SCORES, throw by LF
|
|
Batting: RHB Mikolas Markus
|
0-0: Swinging Strike 0-1: Ball 1-1: Fly out, F9 (Flyball, 89S, EV 91.9 MPH)
|
|
Batting: SHB Gil Switzer
|
0-0: Ball 1-0: SINGLE (Line Drive, 9S, EV 93.1 MPH) Adam Martin to third Runner from 3rd tries for Home, SAFE, throw by RF to home
|
|
Batting: LHB Sam Britt
|
0-0: Ball 1-0: Swinging Strike 1-1: Called Strike 1-2: Ball 2-2: Fly out, F7 (Flyball, 7D, EV 77.5 MPH)
|
| Bottom of the 2nd over - 4 runs, 5 hits, 0 errors, 1 left on base; Fresno 0 - Omaha 8 |
| TOP OF THE 3RD |
|
Fresno Grizzlies batting - Pitching for Omaha Storm Chasers : RHP Josh Moncada
|
|
Batting: SHB Malik Whitted
|
0-0: Ball 1-0: Called Strike 1-1: Ball 2-1: Ball 3-1: Base on Balls
|
|
Batting: RHB Joe Berkhahn
|
0-0: Ball 1-0: Ball 2-0: Ball 3-0: Base on Balls Malik Whitted to second
|
|
Batting: RHB Paul Shell
|
0-0: Called Strike 0-1: Grounds into double play, 6-4-3 (Groundball, 6, EV 86.2 MPH) Malik Whitted to third
|
|
Batting: LHB Chris Cabrera
|
0-0: Foul Ball, location: 2F 0-1: Foul Ball, location: 2F 0-2: Ball 1-2: Strikes out swinging
|
| Top of the 3rd over - 0 runs, 0 hits, 0 errors, 1 left on base; Fresno 0 - Omaha 8 |
| BOTTOM OF THE 3RD |
|
Omaha Storm Chasers batting - Pitching for Fresno Grizzlies : RHP Greg Ritchie
|
|
Batting: RHB Nick Ogle
|
0-0: Ball 1-0: Ball 2-0: Ground out 6-3 (Groundball, 6, EV 107.5 MPH)
|
|
Batting: RHB Kunimatsu Oya
|
0-0: Ground out U3 (Groundball, 3S, EV 83.8 MPH)
|
|
Batting: RHB Jaden Warrior
|
0-0: Ball 1-0: Ball 2-0: Called Strike 2-1: Ball 3-1: Base on Balls
|
|
Batting: LHB Bill Baconneck
|
0-0: Ball 1-0: Fly out, F9 (Flyball, 89D, EV 91.2 MPH)
|
| Bottom of the 3rd over - 0 runs, 0 hits, 0 errors, 1 left on base; Fresno 0 - Omaha 8 |
| TOP OF THE 4TH |
|
Fresno Grizzlies batting - Pitching for Omaha Storm Chasers : RHP Josh Moncada
|
|
Batting: RHB Antonio Aranda
|
0-0: Foul Ball, location: 2F 0-1: SINGLE (Line Drive, 9S, EV 104.4 MPH)
|
|
Batting: RHB Dave Glenn
|
0-0: Called Strike Antonio Aranda steals 2nd base 0-1: Foul Ball, location: 2F 0-2: Strikes out swinging
|
|
Batting: LHB Anthony Howie
|
0-0: Swinging Strike 0-1: Ground out 4-3 (Groundball, 4, EV 81.2 MPH) Antonio Aranda to third
|
|
Batting: RHB Chris Fitzgerald
|
0-0: Ball 1-0: Ball 2-0: TRIPLE (Groundball, 5L, EV 99.4 MPH) Antonio Aranda scores
|
|
Batting: LHB Chris Redding
|
0-0: Fly out, F7 (Flyball, 7, EV 93.8 MPH)
|
| Top of the 4th over - 1 run, 2 hits, 0 errors, 1 left on base; Fresno 1 - Omaha 8 |
| BOTTOM OF THE 4TH |
|
Omaha Storm Chasers batting - Pitching for Fresno Grizzlies : RHP Greg Ritchie
|
|
Batting: RHB Adam Martin
|
0-0: Called Strike 0-1: Ball 1-1: Fly out, F8 (Flyball, 8RXD, EV 99.4 MPH)
|
|
Batting: LHB Roman Downey
|
0-0: Ball 1-0: Ball 2-0: Swinging Strike 2-1: Called Strike 2-2: Strikes out swinging
|
|
Batting: RHB Mikolas Markus
|
0-0: Foul Ball, location: 2F 0-1: SINGLE (Groundball, 56D, EV 97.5 MPH)
|
|
Batting: SHB Gil Switzer
|
0-0: Called Strike 0-1: Ball 1-1: Ball 2-1: Swinging Strike 2-2: Foul Ball, location: 2F 2-2: Foul Ball, location: 2F 2-2: Foul Ball, location: 2F 2-2: Ball 3-2: Ground out 6-3 (Groundball, 6, EV 101.2 MPH)
|
| Bottom of the 4th over - 0 runs, 1 hit, 0 errors, 1 left on base; Fresno 1 - Omaha 8 |
| TOP OF THE 5TH |
|
Fresno Grizzlies batting - Pitching for Omaha Storm Chasers : RHP Josh Moncada
|
|
Batting: SHB Malik Whitted
|
0-0: Ball 1-0: Foul Ball, location: 2F 1-1: Ground out 5-3 (Groundball, 56S, EV 64.4 MPH)
|
|
Batting: RHB Joe Berkhahn
|
0-0: Ball 1-0: Called Strike 1-1: Ball 2-1: Ball 3-1: Foul Ball, location: 2F 3-2: Strikes out looking
|
|
Batting: RHB Paul Shell
|
0-0: Swinging Strike 0-1: Ball 1-1: Ball 2-1: Ball 3-1: Base on Balls
|
|
Batting: LHB Chris Cabrera
|
0-0: Called Strike Paul Shell steals 2nd base 0-1: Called Strike 0-2: Ball 1-2: Fly out, F8 (Flyball, 8RD, EV 88.1 MPH)
|
| Top of the 5th over - 0 runs, 0 hits, 0 errors, 1 left on base; Fresno 1 - Omaha 8 |
| BOTTOM OF THE 5TH |
|
Omaha Storm Chasers batting - Pitching for Fresno Grizzlies : RHP Greg Ritchie
|
|
Pitching: RHP Alex Alicea
|
|
|
Batting: LHB Sam Britt
|
0-0: Swinging Strike 0-1: Foul Ball, location: 2F 0-2: Ball 1-2: Ball 2-2: Ball 3-2: Strikes out looking
|
|
Batting: RHB Nick Ogle
|
0-0: Ball 1-0: Swinging Strike 1-1: Called Strike 1-2: Foul Ball, location: 2F 1-2: Strikes out swinging
|
|
Batting: RHB Kunimatsu Oya
|
0-0: Ball 1-0: Reached on error, E6 (Groundball, 6, EV 100.6 MPH)
|
|
Batting: RHB Jaden Warrior
|
0-0: Ball 1-0: Ball Wild Pitch! Kunimatsu Oya to second 2-0: Ground out 4-3 (Groundball, 4, EV 80.6 MPH)
|
| Bottom of the 5th over - 0 runs, 0 hits, 1 error, 1 left on base; Fresno 1 - Omaha 8 |
| TOP OF THE 6TH |
|
Fresno Grizzlies batting - Pitching for Omaha Storm Chasers : RHP Josh Moncada
|
|
Batting: RHB Antonio Aranda
|
0-0: Ground out 6-3 (Groundball, 56D, EV 99.4 MPH)
|
|
Batting: RHB Dave Glenn
|
0-0: Called Strike 0-1: Ball 1-1: Swinging Strike 1-2: Ball 2-2: Ball 3-2: Foul Ball, location: 2F 3-2: Foul Ball, location: 2F 3-2: Strikes out swinging, 2-3 out at first.
|
|
Batting: LHB Anthony Howie
|
0-0: Foul Ball, location: 2F 0-1: Ball 1-1: Ball 2-1: Foul Ball, location: 2F 2-2: Foul Ball, location: 2F 2-2: Fly out, F7 (Flyball, 78D, EV 88.8 MPH)
|
| Top of the 6th over - 0 runs, 0 hits, 0 errors, 0 left on base; Fresno 1 - Omaha 8 |
| BOTTOM OF THE 6TH |
|
Omaha Storm Chasers batting - Pitching for Fresno Grizzlies : RHP Alex Alicea
|
|
Batting: LHB Bill Baconneck
|
0-0: Called Strike 0-1: Foul Ball, location: 2F 0-2: Ball 1-2: Ball 2-2: Ball 3-2: Fly out, F8 (Flyball, 8RD, EV 104.4 MPH)
|
|
Batting: RHB Adam Martin
|
0-0: Ball 1-0: Ball 2-0: Ball 3-0: Base on Balls
|
|
Batting: LHB Roman Downey
|
0-0: Swinging Strike 0-1: Swinging Strike 0-2: Strikes out swinging
|
|
Batting: RHB Mikolas Markus
|
0-0: Ball 1-0: Called Strike 1-1: Ball 2-1: Swinging Strike 2-2: Strikes out swinging
|
| Bottom of the 6th over - 0 runs, 0 hits, 0 errors, 1 left on base; Fresno 1 - Omaha 8 |
| TOP OF THE 7TH |
|
Fresno Grizzlies batting - Pitching for Omaha Storm Chasers : RHP Josh Moncada
|
|
Pinch Hitting: RHB Tom Carico
|
0-0: Ball 1-0: Ball 2-0: Ball 3-0: Base on Balls
|
|
Batting: LHB Chris Redding
|
0-0: Called Strike 0-1: Swinging Strike 0-2: Strikes out swinging
|
|
Batting: SHB Malik Whitted
|
0-0: Ball 1-0: Called Strike 1-1: Foul Ball, location: 2F 1-2: Ball 2-2: Foul Ball, location: 2F 2-2: Foul Ball, location: 2F 2-2: Strikes out looking
|
|
Batting: RHB Joe Berkhahn
|
0-0: Ball 1-0: Ball 2-0: Ball 3-0: Called Strike 3-1: Base on Balls Tom Carico to second
|
|
Pitching: RHP Sergio Quinones
|
|
|
Batting: RHB Paul Shell
|
0-0: Ball 1-0: Fielders Choice at 2nd, 5-4 (Groundball, 5, EV 76.9 MPH)
|
| Top of the 7th over - 0 runs, 0 hits, 0 errors, 2 left on base; Fresno 1 - Omaha 8 |
| BOTTOM OF THE 7TH |
|
Omaha Storm Chasers batting - Pitching for Fresno Grizzlies : RHP Alex Alicea
|
|
Now at 2B: Tom Carico
|
|
|
Batting: SHB Gil Switzer
|
0-0: Called Strike 0-1: Ball 1-1: DOUBLE (Line Drive, 9LD, EV 106.9 MPH)
|
|
Batting: LHB Sam Britt
|
0-0: Fly out, F8 (Flyball, 8LM, EV 83.1 MPH)
|
|
Batting: RHB Nick Ogle
|
0-0: Ball 1-0: SINGLE (Groundball, 56D, EV 98.8 MPH) Gil Switzer to third Runner from 3rd tries for Home, SAFE, throw by LF to home
|
|
Batting: RHB Kunimatsu Oya
|
0-0: Foul Ball, location: 2F 0-1: Ball 1-1: Grounds into double play, 6-4-3 (Groundball, 6, EV 105.0 MPH)
|
| Bottom of the 7th over - 1 run, 2 hits, 0 errors, 0 left on base; Fresno 1 - Omaha 9 |
| TOP OF THE 8TH |
|
Fresno Grizzlies batting - Pitching for Omaha Storm Chasers : RHP Sergio Quinones
|
|
Batting: LHB Chris Cabrera
|
0-0: Swinging Strike 0-1: Ball 1-1: Foul Ball, location: 2F 1-2: Ground out 6-3 (Groundball, 6, EV 80.6 MPH)
|
|
Batting: RHB Antonio Aranda
|
0-0: Ball 1-0: Ball 2-0: Called Strike 2-1: Called Strike 2-2: Strikes out swinging
|
|
Batting: RHB Dave Glenn
|
0-0: Called Strike 0-1: Ball 1-1: Ball 2-1: Ball 3-1: Called Strike 3-2: Strikes out swinging
|
| Top of the 8th over - 0 runs, 0 hits, 0 errors, 0 left on base; Fresno 1 - Omaha 9 |
| BOTTOM OF THE 8TH |
|
Omaha Storm Chasers batting - Pitching for Fresno Grizzlies : RHP Alex Alicea
|
|
Batting: RHB Jaden Warrior
|
0-0: Ball 1-0: SINGLE (Groundball, 6MD, EV 95.0 MPH)
|
|
Batting: LHB Bill Baconneck
|
0-0: Fielders Choice at 2nd, 3-6 (Groundball, 3, EV 106.9 MPH)
|
|
Batting: RHB Adam Martin
|
0-0: Swinging Strike 0-1: DOUBLE (Flyball, 8RD, EV 99.4 MPH) Bill Baconneck to third
|
|
Batting: LHB Roman Downey
|
0-0: Ball 1-0: Foul Ball, location: 2F 1-1: Swinging Strike 1-2: Ball Wild Pitch! Bill Baconneck scores Adam Martin to third 2-2: DOUBLE (Line Drive, 78D, EV 110.0 MPH) Adam Martin scores
|
|
Batting: RHB Mikolas Markus
|
0-0: Ball 1-0: Ball 2-0: Swinging Strike 2-1: Foul Ball, location: 2F 2-2: Strikes out swinging
|
|
Batting: SHB Gil Switzer
|
0-0: Called Strike 0-1: Foul Ball, location: 2F 0-2: Ball 1-2: Foul Ball, location: 2F 1-2: SINGLE (Line Drive, 7S, EV 90.0 MPH) Roman Downey to third Runner from 3rd tries for Home, SAFE, throw by LF to home
|
|
Batting: LHB Sam Britt
|
0-0: Ball 1-0: Ball 2-0: Ball 3-0: Base on Balls Gil Switzer to second
|
|
Pitching: RHP Tommy Cunningham
|
|
|
Batting: RHB Nick Ogle
|
0-0: Foul Ball, location: 2F 0-1: Ball 1-1: Fielders Choice at 2nd, U6 (Groundball, 4MD, EV 86.2 MPH)
|
| Bottom of the 8th over - 3 runs, 4 hits, 0 errors, 2 left on base; Fresno 1 - Omaha 12 |
| TOP OF THE 9TH |
|
Fresno Grizzlies batting - Pitching for Omaha Storm Chasers : RHP Sergio Quinones
|
|
Batting: LHB Anthony Howie
|
0-0: Ball 1-0: Called Strike 1-1: Ball 2-1: Swinging Strike 2-2: Strikes out swinging
|
|
Batting: RHB Tom Carico
|
0-0: Called Strike 0-1: Foul Ball, location: 2F 0-2: Foul Ball, location: 2F 0-2: Strikes out looking
|
|
Batting: LHB Chris Redding
|
0-0: Called Strike 0-1: Ball 1-1: Ball 2-1: Swinging Strike 2-2: Ball 3-2: Strikes out swinging
|
| Top of the 9th over - 0 runs, 0 hits, 0 errors, 0 left on base; Fresno 1 - Omaha 12 |
|